 Dungeon Crawl Stone Soup version 0.30-a0-1116-gebefce21f7 (console) character file.

Game seed: 12807608962159650269

873 petzl the Sneak (level 8, -1/58 HPs)
             Began as a Formicid Delver on Apr 21, 2023.
             Splashed by a jelly's acid (9 damage)
             ... on level 4 of the Dungeon.
             The game lasted 00:30:53 (5097 turns).

petzl the Sneak (Formicid Delver)                   Turns: 5097, Time: 00:30:53

Health: -1/58      AC: -7    Str: 16    XL:     8   Next: 24%
Magic:  17/17      EV: 12    Int: 13    God:
Gold:   30         SH:  0    Dex: 17    Spells: 18/19 levels left

rFire   + . .      SeeInvis +    a - +9 dagger "Wydel" {flame, Dex+2, !f =f}
rCold   . . .      Faith    .    (no shield)
rNeg    . . .      Spirit   .    x - +0 leather armour
rPois   .          Reflect  .    (helmet unavailable)
rElec   .          Rampage  .    J - +0 cloak
rCorr   .                        (no gloves)
Will    +....                    G - +0 pair of boots
Stlth   ++++                     (no amulet)
HPRegen 0.29/turn                E - ring of protection from fire
MPRegen 0.15/turn                D - ring of willpower

@: corroded
A: permanent stasis, dig shafts and tunnels, antennae 3, four strong arms
a: Dig, Shaft Self


You were on level 4 of the Dungeon.
You visited 2 branches of the dungeon, and saw 9 of its levels.

You collected 282 gold pieces.
You spent 252 gold pieces at shops.

Inventory:

Hand Weapons
 a - the +9 dagger "Wydel" (weapon) {flame, Dex+2, !f =f}
   (You found it on level 8 of the Dungeon)

   Dex:       It affects your dexterity (+2).
 b - a +0 sling
 c - a +2 dagger of venom {!f =f}
 m - a +0 hand axe {!f =f}
 o - a +0 rapier
 r - a +0 mace
 I - a +4 quarterstaff of chaos
 K - a +2 hammer of protection
Missiles
 j - 12 poisoned darts
 N - 3 curare-tipped darts (quivered)
Armour
 k - a +0 cloak
 x - a +0 leather armour (worn)
 G - a +0 pair of boots (worn)
 J - a +0 cloak (worn)
Jewellery
 A - a ring of protection from cold
 D - a ring of willpower (right hand)
 E - a ring of protection from fire (left hand)
 L - a ring of protection from cold
Wands
 f - a wand of digging (3)
 w - a wand of flame (17)
 C - a wand of acid (9)
 H - a wand of polymorph (8)
Scrolls
 d - 2 scrolls of magic mapping
 e - 3 scrolls of fear
 h - 2 scrolls of immolation {unknown}
 i - a scroll of poison
 n - a scroll of summoning
 p - a scroll of enchant armour
 q - 3 scrolls of vulnerability {unknown}
 s - 3 scrolls of enchant weapon {unknown}
 y - a scroll of identify
 M - 3 scrolls of fog
Potions
 g - 2 potions of haste {unknown}
 l - 3 potions of lignification
 t - 2 potions of ambrosia
 u - a potion of might {unknown}
 v - 3 potions of curing
 z - 2 potions of heal wounds {unknown}
 B - 2 potions of mutation {unknown}
 F - 2 potions of invisibility
 O - a potion of degeneration {unknown}


   Skills:
 - Level 3.2 Fighting
 - Level 2.0 Maces & Flails
 + Level 2.2 Ranged Weapons
 - Level 1.7 Dodging
 + Level 7.7 Stealth
 * Level 6.0 Spellcasting
 - Level 3.0 Ice Magic
 - Level 3.0 Evocations


You had 18 spell levels left.
You knew the following spells:

 Your Spells              Type           Power      Damage    Failure   Level
a - Freeze                Ice            44%        1d6       6%          1

Your spell library contained the following spells:

 Spells                   Type           Power      Damage    Failure   Level
 Ensorcelled Hibernation  Hex/Ice        14%        N/A       17%         2
 Frozen Ramparts          Ice            22%        1d4       19%         3
 Summon Small Mammal      Summ           12%        N/A       21%         1
 Passwall                 Tmut/Erth      2%         N/A       30%         2
 Hailstorm                Conj/Ice       7%         3d4       32%         3
 Call Canine Familiar     Summ           3%         N/A       52%         3
 Portal Projectile        Hex/Tloc       6%         N/A       52%         3
 Summon Guardian Golem    Hex/Summ       3%         N/A       52%         3
 Tukima's Dance           Hex            3%         N/A       52%         3
 Ice Form                 Ice/Tmut       7%         N/A       73%         4
 Blade Hands              Tmut           1%         N/A       99%         5
 Simulacrum               Ice/Necr       3%         N/A       100%        6
 Swiftness                Air            Unusable   N/A       N/A         3

Dungeon Overview and Level Annotations

Branches:
Dungeon (8/15)             Temple (1/1) D:4
   Lair: D:8-11

Altars:
Cheibriados
Elyvilon
Fedhas
Gozag
Kikubaaqudgha
Makhleb
Nemelex Xobeh
Okawaru
Qazlal
Ru
Sif Muna
Uskayaw
Wu Jian
Xom
Yredelemnul
Zin
The Shining One

Shops:
D:3 *   D:4 [*

Annotations:
D:5 exclusion: sensed monster (detected), Duvessa
D:6 exclusion: downstairs, Eustachio
D:7 exclusions: bullfrog, orc and wight


Innate Abilities, Weirdness & Mutations

You cannot be hasted, slowed, berserked, paralysed or teleported.
You can dig through walls and to a lower floor.
You have a pair of large antennae on your head. (SInv)
Your four strong arms can wield two-handed weapons with a shield.


Message History

You throw a curare-tipped dart. The curare-tipped dart hits the ogre.
The ogre is poisoned.
The ogre convulses.
The ogre seems to slow down.
The ogre is lightly wounded.
You puncture the ogre! You burn the ogre.
The ogre is heavily wounded.
The ogre hits you with a +0 giant club!!
You puncture the ogre! You burn the ogre.
You kill the ogre!
Your Ranged Weapons skill increases to level 2!
Your Spellcasting skill increases to level 6!
You hit the orc. You burn the orc.
You kill the orc!
The orc hits you but does no damage.
Things that are here:
a +0 dagger {!f =f}; an orc corpse You barely miss the orc.
The orc barely misses you.
You barely miss the orc. The orc hits you but does no damage.
The jelly quivers.
You hit the orc. You burn the orc.
The orc is severely wounded.
The orc completely misses you.
Found a stone staircase leading down.
The jelly hits you. The acid corrodes you!
You are splashed with acid!
The jelly attacks as you move away! The jelly closely misses you.
You puncture the orc! You burn the orc.
You kill the orc!
You hit the jelly. You burn the jelly.
Your hands burn!
The jelly is moderately wounded.
The jelly misses you.
You hit the jelly. You burn the jelly. The acid corrodes you!
Your hands burn!
The jelly is almost dead.
The jelly hits you.
You are splashed with acid!
* * * LOW HITPOINT WARNING * * *
You barely miss the jelly.
The jelly is almost dead.
The jelly hits you.
* * * LOW HITPOINT WARNING * * *
The acid corrodes you!
You are splashed with acid!
You die...

{ ..# #.# #.####.############
#...<.....#.......#
#.##.#..#.#.#####.#
#.#..#....# #)# .....###.##
#.# #.###.# ### #.###### ...
..# ##.##...## S.. ###
#........# ##. #.#....†.# ...
.##........# { .> .######...##
## .. ..# #..## ..### . ..#
#.## ...#.###. ...# #.#
#.....###.. #.# ..
#....oJ#.#### #.#
...#.....#@....## #.# ##.###
#.....o#......#####.#
#.....###.....#..[..#.#.##.#
#......#.###.#......#.#.##.#
#.... #....)###....÷#.#....#
##
.....#......#.###.#...######..
. .....#..<..#.....##...# #.#
#..)...#..... #...## #.#
##(....#.....#.#.#.# #.#
#.###.#......#.#.#.# #.#
#.....###.....#.#.#.#####.#
#.....[#.###.#...#...#....###
#...o.#... ...#...#.......
......# .. ..#...#.##.###
##.....# .#.#.#.###.###
.###.#. #.#.#.# #.##. # ###.
#.#.#.# #.##. ...#...##.##. .
. ...#.....


You could see a jelly and an orc.

Vanquished Creatures
  Sigmund (D:2)
  A sky beast (D:6)
  An ogre (D:4)
  A jelly (D:5)
  Crazy Yiuf (D:2)
  3 hounds
  Ijyb (D:4)
  2 iguanas
  Natasha (thrice) (D:2)
  2 gnolls (D:1)
  9 adders
  A shadow imp (D:7)
  A white imp (D:5)
  2 ufetubi
  2 worms
  4 dart slugs
  5 orcs
  5 endoplasms
  A giant cockroach (D:3)
  6 goblins
  7 hobgoblins
  5 jackals
  3 quokkas
  16 ball pythons
  12 bats
  8 frilled lizards
  6 kobolds
  6 rats
115 creatures vanquished.

Notes
Turn   | Place    | Note
-------+----------+-------------------------------------------
     0 | D:5      | petzl the Formicid Delver began the quest for the Orb.
     0 | D:5      | Reached XP level 1. HP: 18/18 MP: 1/1
    54 | D:6      | Reached skill level 1 in Spellcasting
    54 | D:6      | Reached XP level 2. HP: 24/24 MP: 1/4
   306 | D:5      | Reached XP level 3. HP: 24/29 MP: 5/7
   330 | D:5      | Noticed a phantom
   460 | D:5      | Learned a level 1 spell: Freeze
   484 | D:5      | Noticed Duvessa
   521 | D:5      | Reached XP level 4. HP: 17/35 MP: 9/9
   660 | D:4      | Found Vujo's Antique Armour Shop.
   665 | D:4      | Found a white marble altar of Elyvilon.
   686 | D:4      | Noticed an ogre
   691 | D:4      | You fall into a shaft and drop 2 floors!
   835 | D:6      | Noticed Eustachio
   847 | D:7      | Noticed a wight
   879 | D:7      | Reached skill level 1 in Evocations
   935 | D:7      | Noticed a bullfrog
   964 | D:6      | Noticed a sky beast
   978 | D:8      | Identified the +9 dagger "Wydel" {flame, Dex+2}
  1016 | D:7      | Noticed a kobold brigand
  1016 | D:7      | Noticed a wight
  1058 | D:6      | Reached XP level 5. HP: 41/41 MP: 10/10
  1077 | D:6      | Killed a sky beast
  1078 | D:6      | Reached skill level 1 in Ice Magic
  1078 | D:6      | Reached XP level 6. HP: 47/47 MP: 10/12
  1325 | D:6      | Noticed an ogre
  1342 | D:6      | Found Aretede's Lightly-Used Armoury.
  1919 | D:4      | Noticed Ijyb
  1924 | D:4      | Killed Ijyb
  1934 | D:4      | Found an ornate altar of the Wu Jian Council.
  2002 | D:4      | Found a staircase to the Ecumenical Temple.
  2012 | Temple   | Entered the Ecumenical Temple
  2266 | D:4      | Found Acimpag's Assorted Antiques.
  2269 | D:4      | Bought a lumpy blue potion for 21 gold pieces
  2269 | D:4      | Bought a sling for 36 gold pieces
  2269 | D:4      | Bought a glowing green potion for 21 gold pieces
  2269 | D:4      | Bought a scroll labelled USATOKK CEAQUW for 24 gold pieces
  2269 | D:4      | Bought a scroll labelled EKHLOEJI ZAAM for 24 gold pieces
  2327 | D:4      | Reached XP level 7. HP: 48/52 MP: 14/14
  2503 | D:3      | Reached skill level 7 in Stealth
  2743 | D:2      | Noticed Natasha
  2757 | D:2      | Killed Natasha
  2863 | D:2      | Reached skill level 5 in Spellcasting
  2866 | D:2      | Noticed Sigmund
  3187 | D:2      | Noticed Natasha
  3202 | D:2      | Killed Natasha
  3243 | D:2      | Found a runed translucent door.
  3244 | D:2      | Noticed Crazy Yiuf
  3332 | D:2      | Noticed Natasha
  3339 | D:2      | Killed Natasha
  3340 | D:2      | Reached skill level 1 in Ranged Weapons
  3621 | D:2      | Killed Crazy Yiuf
  4401 | D:2      | Killed Sigmund
  4402 | D:2      | Reached XP level 8. HP: 56/58 MP: 14/16
  4623 | D:3      | Found Boxilus's General Store.
  4730 | D:3      | Bought a wand of acid (3) for 126 gold pieces
  4886 | D:3      | Found a faded altar of an unknown god.
  5097 | D:4      | Splashed by a jelly's acid

Illustrated notes

Levels and vault maps discovered:
D:1:      dpeg_arrival_rooms_a, layout_basic, minmay_close_crescents
D:2:      layout_rooms, skrybe_limestone_x, st_stairs_1,
          minmay_misc_feat_pillars, uniq_natasha, uniq_sigmund,
          uniq_crazy_yiuf_cottage
D:3:      layout_loops_ring, serial_shops, nicolae_shop_tiny_glass,
          ebering_ecumenical_altar_box, minmay_strange_pillars
D:4:      nicolae_BIG_FREAKIN_CUBE, layout_loops_cross, old_standard_altar,
          kennysheep_little_box, lemuel_temple_firewalk_a, serial_shops,
          nicolae_shop_real_fake_doors, shop, minmay_snake_closets, uniq_ijyb
D:5:      layout_basic, mainiacjoe_overflow_brackets, minmay_ogre_servants,
          uniq_duvessa, uniq_grinder
D:6:      layout_layer_cave, minmay_shop_damaged, uniq_eustachio
D:7:      layout_cave_pools
D:8:      layout_gridville, grunt_dithmenos_shadows, enter_bailey_4
Temple:   regret_index_temple_generic_petals

Skill      XL: |  1  2  3  4  5  6  7  8 |
---------------+-------------------------+-----
Spellcasting   | 1 2 3 4 5 6 |  6.0
Evocations     | 1 2 3 |  3.0
Ice Magic      | 1 2 3 |  3.0
Stealth        | 7 |  7.7
Ranged Weapons | 1 2 |  2.2
Fighting       | |  3.2
Maces & Flails | |  2.0
Dodging        | |  1.7

Action                     |  1- 3 |  4- 6 |  7- 9 || total
---------------------------+-------+-------+-------++-------
  Melee: Mace              |    25 |    14 |       ||    39
         Punch             |     1 |       |       ||     1
         Dagger            |       |    60 |    69 ||   129
   Fire: Sling             |       |     2 |   160 ||   162
  Throw: Dart              |       |       |     3 ||     3
Ability: Shaft Self        |       |     1 |       ||     1
         Dig               |       |       |     1 ||     1
  Evoke: Wand              |       |     2 |     3 ||     5
    Use: Scroll            |       |     1 |     3 ||     4
         Potion            |       |       |     4 ||     4
   Stab: Sleeping          |     2 |    11 |     2 ||    15
 Armour: Leather armour    |    12 |    17 |    35 ||    64
  Dodge: Dodged            |    33 |    36 |    95 ||   164

Table legend: (Time is in decaauts)
 A = Elapsed time spent in this place.
 B = Non-inter-level travel time spent in this place.
 C = Inter-level travel time spent in this place.
 D = Time resting spent in this place.
 E = Time spent auto-exploring this place.
 F = Levels seen in this place.
 G = Mean time per level.
                   A        B        C        D        E       F      G
               +--------+--------+--------+--------+--------+-----+--------+
         Total |   5148 |   4889 |    259 |    746 |   1752 |   9 |  572.0 |
       Dungeon |   4927 |   4696 |    231 |    746 |   1568 |   8 |  615.9 |
        Temple |    220 |    192 |     28 |      0 |    184 |   1 |  220.0 |
               +--------+--------+--------+--------+--------+-----+--------+

Top non-repeatable levels by time:
     D:6: 956 daAuts
     D:1: 932 daAuts
     D:3: 897 daAuts
     D:2: 876 daAuts
     D:4: 573 daAuts
     D:5: 499 daAuts
  Temple: 220 daAuts
     D:7: 151 daAuts
     D:8: 39 daAuts
